 Dungeon Crawl Stone Soup version 0.21.1-1-g345015f (webtiles) character file.

14848 Curus the Cruncher (level 11, -6/97 HPs)
             Began as a Minotaur Gladiator on Mar 20, 2018.
             Was a High Priest of Makhleb.
             Mangled by a dire elephant (8 damage)
             ... on level 1 of the Lair of Beasts.
             The game lasted 00:48:15 (9239 turns).

Curus the Cruncher (Minotaur Gladiator)             Turns: 9239, Time: 00:48:16

Health: -6/97      AC: 20    Str: 19    XL:     11   Next: 94%
Magic:  0/17       EV:  7    Int:  7    God:    Makhleb [*****.]
Gold:   730        SH:  0    Dex: 13    Spells: 10/10 levels left

rFire    . . .     SeeInvis .   a - +3 quarterstaff
rCold    + . .     Gourm    .   (shield currently unavailable)
rNeg     . . .     Faith    .   h - +1 plate armour
rPois    .         Spirit   +   c - +0 hat
rElec    .         Reflect  .   (no cloak)
rCorr    .         Harm     .   E - +0 pair of gloves
MR       +....                  D - +2 pair of boots
Stlth    ..........             m - amulet of guardian spirit
HPRegen  0.26/turn              A - ring of protection from magic
MPRegen  0.15/turn              p - ring of protection from cold (curse)

@: no status effects
A: retaliatory headbutt, horns 2
a: Minor Destruction, Lesser Servant of Makhleb, Major Destruction, Greater
Servant of Makhleb, Renounce Religion


You were on level 1 of the Lair of Beasts.
You worshipped Makhleb.
Makhleb was extremely pleased with you.
You were hungry.

You visited 2 branches of the dungeon, and saw 12 of its levels.
You also visited: Ossuary.

You collected 960 gold pieces.
You spent 230 gold pieces at shops.

Inventory:

Hand Weapons
 a - a +3 quarterstaff (weapon)
 y - a +1 falchion of flaming
Missiles
 d - 2 throwing nets (quivered)
Armour
 b - a +0 leather armour
 c - a +0 hat (worn)
 e - a +0 chain mail
 h - a +1 plate armour (worn)
 v - a +0 pair of boots
 D - a +2 pair of boots (worn)
 E - a +0 pair of gloves (worn)
Jewellery
 l - an uncursed ring of wizardry
 m - an amulet of guardian spirit (around neck)
 p - a cursed ring of protection from cold (right hand)
 w - an uncursed ring of magical power
 A - a ring of protection from magic (left hand)
Wands
 j - a wand of polymorph (35)
 C - a wand of flame (16)
 F - a wand of acid (6)
 H - a wand of disintegration (13)
Scrolls
 g - 11 scrolls of identify
 i - 6 scrolls of remove curse
 k - 4 scrolls of teleportation
 o - 3 scrolls of blinking
 q - a scroll of magic mapping
 z - a scroll of amnesia
Potions
 n - 2 potions of resistance
 r - 5 potions of berserk rage
 s - 4 potions of cancellation
 t - 3 potions of heal wounds
 u - 2 potions of curing
 B - a potion of haste
 J - a potion of flight
Books
 I - a book of Power

   Spells                             Type                      Level
   a - Iskenderun's Battlesphere      Conjuration/Charms           5
   b - Venom Bolt                     Conjuration/Poison           5
   c - Bolt of Magma                  Conjuration/Fire/Earth       5
   d - Iron Shot                      Conjuration/Earth            6
   e - Orb of Destruction             Conjuration                  7
   f - Spellforged Servitor           Conjuration/Summoning        7
Comestibles
 f - 24 rations


   Skills:
 - Level 9.5 Fighting
 - Level 14.0 Staves
 - Level 2.0 Throwing
 - Level 9.2 Armour
 - Level 3.2 Dodging
 * Level 9.5 Invocations
 - Level 5.0 Evocations


You had 10 spell levels left.
You didn't know any spells.

Dungeon Overview and Level Annotations

Branches:
Dungeon (10/15)            Temple (0/1) D:5            Lair (2/6) D:10
  Swamp: Lair:2-4    Shoals: Lair:2-4     Snake: Lair:2-4    Spider: Lair:2-4
    Orc: D:9-12

Altars:
Ashenzari
Cheibriados
Elyvilon
Makhleb
Okawaru
Qazlal
Trog
Uskayaw
Vehumet
Zin
The Shining One

Shops:
D:9 [

Annotations:
D:6 Grinder; TheNamelessOne's ghost, novice OgFE


Innate Abilities, Weirdness & Mutations

You reflexively headbutt those who attack you in melee.
You have a pair of horns on your head.


Message History

The dire elephant tramples you!!
* * * LOW HITPOINT WARNING * * *
You stumble backwards!
You thump the dire elephant!
You headbutt the dire elephant, but do no damage.
The dire elephant is moderately wounded.
The dire elephant tramples you but does no damage.
The dire elephant trunk-slaps you but does no damage.
You hit the dire elephant but do no damage.
The dire elephant is moderately wounded.
You sock the dire elephant! You headbutt the dire elephant.
The dire elephant is heavily wounded.
The dire elephant tramples you but does no damage.
The dire elephant trunk-slaps you but does no damage.
You hit the dire elephant.
The dire elephant is heavily wounded.
Your plate armour prevents you from hitting the dire elephant.
The dire elephant is heavily wounded.
The dire elephant tramples you!
You die...

##.# ###..≈≈≈≈≈... #..##
#..........#. #...#
##..######... ####.##
##.## ###. ##.##'####..#
######.
#..........#####..##.#
####
##.........#.##........
.>.#
##P....Y....+...........
...#
#.+....@.<..####........
...# #####...........#
##.......
...###.....#.........#
#......^
...##..#####.........#
#....... ...##..#
#.........# #.......
...'..## #.........#
#....... ...####
#.........# #.......
...# ###########
######## ####


You could see a dire elephant.

Vanquished Creatures
  A hydra (D:8)
  An unseen horror (D:9)
  Pikel (D:6)
  10 elephants
  Psyche (D:8)
  A spiny frog (Lair:2)
  A torpor snail (Lair:2)
  A komodo dragon (Lair:1)
  4 blink frogs (Lair:1)
  2 dream sheep (D:8)
  A spriggan (Lair:2)
  12 yaks
  A basilisk (Lair:1)
  6 water moccasins
  3 porcupines
  3 orc warriors
  A sky beast (D:7)
  2 black bears (D:6)
  2 ice beasts
  An eye of draining (D:9)
  A slave (D:6)
  5 centaurs
  4 ogres
  9 wolves (Lair:2)
  A crocodile (Lair:2)
  3 big kobolds (D:8)
  5 bullfrogs
  A scorpion (D:6)
  7 wights
  The ghost of letownia2 the Insei, a weakling MfTm (D:4)
  2 crimson imps
  A bullfrog zombie (D:6)
  A centaur zombie (D:9)
  8 orc priests
  9 hounds
  A jelly (D:7)
  A centaur skeleton (D:4)
  6 orc wizards
  2 iguanas
  2 worker ants
  8 mummies (Ossuary)
  A worker ant zombie (D:5)
  9 adders
  3 shadow imps
  2 oozes
  An adder skeleton (D:4)
  An adder zombie (D:9)
  4 worms
  2 dart slugs
  3 leopard geckos
  29 orcs
  3 giant cockroaches
  2 gnoll zombies (Ossuary)
  8 hobgoblins
  9 jackals
  5 quokkas
  2 ball pythons (D:2)
  5 bats
  4 frilled lizards
  4 goblins
  3 hobgoblin zombies (Ossuary)
  6 kobolds
  3 kobold zombies (Ossuary)
  2 quokka skeletons (D:9)
  6 rats
250 creatures vanquished.

Vanquished Creatures (others)
  2 slaves (D:6)
  A wight (D:6)
  A crimson imp (D:6)
  A worm (D:6)
  A quokka (D:6)
  35 fungi (Lair:2)
  7 plants (Lair:2)
48 creatures vanquished.

Grand Total: 298 creatures vanquished

Notes
Turn   | Place    | Note
-------+----------+-------------------------------------------
     0 | D:1      | Curus the Minotaur Gladiator began the quest for the Orb.
     0 | D:1      | Reached XP level 1. HP: 18/18 MP: 0/0
    56 | D:1      | Reached skill level 4 in Staves
    69 | D:1      | Reached XP level 2. HP: 3/25 MP: 1/1
   952 | D:2      | Found a burning altar of Makhleb.
   963 | D:2      | Became a worshipper of Makhleb the Destroyer
  1019 | D:2      | Reached skill level 5 in Staves
  1123 | D:2      | Reached XP level 3. HP: 29/30 MP: 2/2
  1561 | D:2      | Found a shattered altar of Ashenzari.
  1751 | D:3      | Found a radiant altar of Vehumet.
  1794 | D:3      | Reached skill level 6 in Staves
  1794 | D:3      | Reached XP level 4. HP: 18/37 MP: 3/3
  1804 | D:3      | Reached * piety under Makhleb
  2634 | D:4      | Reached skill level 7 in Staves
  2634 | D:4      | Reached XP level 5. HP: 36/42 MP: 2/4
  2684 | D:4      | Noticed letownia2's ghost (weakling MfTm)
  2702 | D:4      | Killed letownia2's ghost
  2702 | D:4      | Reached skill level 8 in Staves
  2708 | D:4      | Reached XP level 6. HP: 15/50 MP: 3/5
  3071 | D:4      | Found an iron altar of Okawaru.
  3080 | D:4      | Reached skill level 9 in Staves
  3087 | D:4      | Reached ** piety under Makhleb
  3268 | D:4      | Found a glowing silver altar of Zin.
  3418 | D:4      | Reached XP level 7. HP: 56/56 MP: 6/6
  3480 | D:4      | Found a stormy altar of Qazlal.
  3571 | D:5      | Entered Level 5 of the Dungeon
  3583 | D:5      | Reached skill level 10 in Staves
  3615 | D:5      | Found a sand-covered staircase.
  3627 | Ossuary  | Entered an ossuary
  4092 | D:5      | Found a glowing golden altar of the Shining One.
  4171 | D:5      | Found a staircase to the Ecumenical Temple.
  4235 | D:6      | Reached skill level 11 in Staves
  4282 | D:6      | Noticed Grinder
  4309 | D:7      | Reached XP level 8. HP: 29/62 MP: 2/7
  4383 | D:6      | Noticed Pikel
  4410 | D:6      | Killed Pikel
  4410 | D:6      | Reached skill level 12 in Staves
  4431 | D:6      | Reached skill level 13 in Staves
  4437 | D:6      | Reached *** piety under Makhleb
  4485 | D:6      | Noticed TheNamelessOne's ghost (novice OgFE)
  4677 | D:6      | Found a white marble altar of Elyvilon.
  4821 | D:6      | Found a bloodstained altar of Trog.
  4834 | D:6      | Reached XP level 9. HP: 66/68 MP: 8/8
  4845 | D:6      | Reached skill level 14 in Staves
  5096 | D:6      | Reached skill level 1 in Armour
  5315 | D:7      | HP: 1/71 [wight/enchanted trident (4)]
  5991 | D:8      | Found a hide-covered altar of Uskayaw.
  6202 | D:8      | Reached skill level 5 in Fighting
  6486 | D:8      | Reached skill level 5 in Armour
  6543 | D:8      | Noticed a two-headed hydra
  6552 | D:8      | Killed a two-headed hydra
  6552 | D:8      | Reached XP level 10. HP: 88/88 MP: 9/9
  6599 | D:8      | Reached **** piety under Makhleb
  6613 | D:8      | Noticed Psyche
  6781 | D:8      | Killed Psyche
  6964 | D:9      | Found Ybovic's Armour Boutique.
  7052 | D:9      | Bought a +2 pair of boots for 181 gold pieces
  7052 | D:9      | Bought a +0 pair of gloves for 49 gold pieces
  7089 | D:9      | Found a snail-covered altar of Cheibriados.
  7293 | D:9      | Killed an unseen horror
  7698 | D:10     | Entered Level 10 of the Dungeon
  7715 | D:10     | Found a staircase to the Lair.
  7719 | Lair:1   | Entered Level 1 of the Lair of Beasts
  7800 | Lair:1   | Reached skill level 1 in Invocations
  7876 | Lair:1   | Reached ***** piety under Makhleb
  7876 | Lair:1   | Reached skill level 1 in Evocations
  8221 | Lair:1   | Reached XP level 11. HP: 71/97 MP: 10/13
  8533 | Lair:2   | Reached skill level 5 in Invocations
  8822 | Lair:2   | Reached skill level 5 in Evocations
  8912 | Lair:2   | Noticed a dire elephant
  9234 | Lair:1   | HP: 1/97 [dire elephant (12)]
  9239 | Lair:1   | Mangled by a dire elephant

Skill      XL: |  1  2  3  4  5  6  7  8  9 10 11 |
---------------+----------------------------------+-----
Staves         | 4 5 6 7 8 9 11 13 14 | 14.0
Armour         | 7 9 |  9.2
Fighting       | 7 9 |  9.5
Invocations    | 4 9 |  9.5
Evocations     | 2 5 |  5.0
Throwing       | |  2.0
Dodging        | |  3.2

Action                   |  1- 3 |  4- 6 |  7- 9 | 10-12 || total
-------------------------+-------+-------+-------+-------++-------
Melee: Quarterstaff      |    91 |   144 |   290 |   450 ||   975
       Headbutt          |     8 |    24 |    60 |   109 ||   201
Throw: Throwing net      |       |     1 |     1 |     1 ||     3
Invok: Lesser Servant of |       |       |       |     1 ||     1
  Use: Scroll            |     8 |     1 |     2 |     4 ||    15
       Potion            |     6 |     1 |     5 |     1 ||    13
 Stab: Invisible         |       |       |       |     2 ||     2
  Eat: Chunk             |     3 |     5 |     7 |     8 ||    23
       Ration            |       |       |     1 |       ||     1
Armor: Leather armour    |     3 |       |       |       ||     3
       Plate armour      |    26 |    84 |   108 |   274 ||   492
       Chain mail        |     4 |       |       |       ||     4
Dodge: Dodged            |    43 |    30 |    47 |   130 ||   250
